 Dungeon Crawl Stone Soup version 0.29-a0-555-g3b24f45cc1 (webtiles) character file.

Game seed: 12092343425814550127

4 Hubjo the Insei (level 1, 0/15 HPs)
             Began as a Demonspawn Transmuter on June 7, 2022.
             Slain by a jackal (1 damage)
             ... on level 1 of the Dungeon.
             The game lasted 00:00:25 (209 turns).

Hubjo the Insei (Demonspawn Transmuter)              Turns: 209, Time: 00:00:25

Health: 0/15       AC:  2    Str: 10    XL:     1   Next: 58%
Magic:  2/3        EV: 12    Int: 14    God:
Gold:   0          SH:  0    Dex: 13    Spells: 3/4 levels left

rFire   . . .      SeeInvis .     - Unarmed
rCold   . . .      Faith    .   (no shield)
rNeg    . . .      Spirit   .   a - +0 robe
rPois   .          Reflect  .   (helmet currently unavailable)
rElec   .          Harm     .   (no cloak)
rCorr   .          Rampage  .   (no gloves)
Will    .....                   (boots currently unavailable)
Stlth   +.........              (no amulet)
HPRegen 0.05/turn               (no ring)
MPRegen 0.08/turn               (no ring)

@: appendages, attractive
A: horns 2, talons 2
a: End Transformation


You were on level 1 of the Dungeon.
You had temporarily grown beastly horns and talons.
You visited 1 branch of the dungeon, and saw 1 of its levels.

Inventory:

Armour
 a - a +0 robe (worn)
Jewellery
 d - a ring of fire
Potions
 b - a potion of lignification
 c - a potion of attraction


   Skills:
 * Level 1.2 Fighting
 - Level 1.7 Dodging
 + Level 0.2 Stealth
 + Level 2.7 Unarmed Combat
 + Level 2.0 Spellcasting
 + Level 1.8 Transmutations


You had 3 spell levels left.
You knew the following spells:

 Your Spells              Type           Power      Damage    Failure   Level
a - Beastly Appendage     Tmut           12%        N/A       11%         1

Your spell library contained the following spells:

 Spells                   Type           Power      Damage    Failure   Level
 Wereblood                Tmut           6%         N/A       17%         2
 Spider Form              Tmut/Pois      4%         N/A       43%         3
 Ice Form                 Ice/Tmut       4%         N/A       85%         4


Dungeon Overview and Level Annotations

Branches:
Dungeon (1/15)

Altars:


Innate Abilities, Weirdness & Mutations

You have temporarily grown beastly horns and talons.


Message History

Your horns disappear.
Your talons disappear.
The jackal bites you. The kobold closely misses you.
An endoplasm comes into view.
The bat closely misses you.
You closely miss the kobold.
The kobold is heavily wounded.
The bat hits you but does no damage.
The jackal bites you but does no damage.
The kobold completely misses you.
The jackal bites you but does no damage.
The jackal misses you.
Casting: Beastly Appendage (safe; 11% risk of failure)
Confirm with . or Enter, or press ? or * to list all spells.
You grow a pair of large bovine horns.
Your feet morph into talons.
The endoplasm quivers.
The bat closely misses you. The jackal bites you.
The jackal closely misses you. The jackal misses you.
The kobold hits you with a +0 short sword.
The endoplasm jiggles.
You hit the kobold but do no damage. Your headbutt misses the kobold.
The kobold is heavily wounded.
The jackal misses you. The jackal barely misses you.
The jackal bites you but does no damage.
The kobold hits you with a +0 short sword.
* * * LOW HITPOINT WARNING * * *
The bat closely misses you.
The jackal bites you but does no damage. x3
It was a potion of attraction.
You feel attractive to monsters. The bat hits you but does no damage.
The kobold barely misses you. The jackal barely misses you.
The jackal bites you but does no damage.
The jackal bites you.
* * * LOW HITPOINT WARNING * * *
The bat is attracted toward you. The endoplasm is attracted toward you.
As you read the scroll labelled BARPHO WUSYECW, it crumbles to dust.
It is a scroll of enchant weapon.
You aren't carrying any weapons that can be enchanted.
The bat hits you but does no damage. The jackal bites you.
You die...

..... #|..... ....
....... ##...##......
..........# ..
####....#...#....
#.......§...#....
#....hh.b.......#
#....h@.........#
#....K#....#....#
#...J.#=........#
....§..#.....#...# ..
.......#.....#...# ...
..$..............#......
.#...####........#......
..## #............. .
.....#.##......[.


You could see an endoplasm, 3 jackals, a bat and a kobold.

Vanquished Creatures
  2 endoplasms (D:1)
  A frilled lizard (D:1)
  2 rats (D:1)
5 creatures vanquished.

Notes
Turn   | Place    | Note
-------+----------+-------------------------------------------
     0 | D:1      | Hubjo the Demonspawn Transmuter began the quest for the
                  | Orb.
     0 | D:1      | Reached XP level 1. HP: 15/15 MP: 3/3
   209 | D:1      | Slain by a jackal

Illustrated notes

Levels and vault maps discovered:
D:1:      sevenhm_arrival_forest_fort_small_3, layout_basic, serial_shops,
          nicolae_shop_crystal, minmay_lizard_king

Action                   || total
-------------------------++-------
Melee: Unarmed           ||    16
       Kick              ||     5
       Headbutt          ||     2
 Cast: Beastly Appendage ||     6
  Use: Scroll            ||     1
       Potion            ||     1
Armor: Robe              ||    17
Dodge: Dodged            ||    24

Table legend: (Time is in decaauts)
 A = Elapsed time spent in this place.
 B = Non-inter-level travel time spent in this place.
 C = Inter-level travel time spent in this place.
 D = Time resting spent in this place.
 E = Time spent auto-exploring this place.
 F = Levels seen in this place.
 G = Mean time per level.
                   A        B        C        D        E       F      G
               +--------+--------+--------+--------+--------+-----+--------+
         Total |    208 |    208 |      0 |      0 |    159 |   1 |  208.0 |
       Dungeon |    208 |    208 |      0 |      0 |    159 |   1 |  208.0 |
               +--------+--------+--------+--------+--------+-----+--------+

Top non-repeatable levels by time:
     D:1: 208 daAuts
